 Dungeon Crawl Stone Soup version 0.30-a0-779-g7971cf19c3 (webtiles) character file.

Game seed: 14136526762804938586

11046 testman the Destroyer (level 11, -10/68 HPs)
             Began as a Demonspawn Fire Elementalist on Feb 17, 2023.
             Was an Elder of Vehumet.
             Mangled by a cyclops (19 damage)
             ... on level 11 of the Dungeon on Feb 18, 2023.
             The game lasted 00:55:14 (11426 turns).

testman the Destroyer (DsFE)                       Turns: 11426, Time: 00:55:15

Health: -10/68     AC: 10    Str:  8    XL:     11   Next: 44%
Magic:  3/23       EV: 12    Int: 20    God:    Vehumet [****..]
Gold:   567        SH:  0    Dex: 15    Spells: 7/27 levels left

rFire   . . .      SeeInvis .    H - +7 dagger of Idufaog {vamp, *Slow rPois rN+}
rCold   + . .      Faith    .    (no shield)
rNeg    + . .      Spirit   .    q - +2 leather armour {rC+}
rPois   +          Reflect  .    x - +0 helmet
rElec   .          Harm     .    (no cloak)
rCorr   .          Rampage  .    (no gloves)
Will    +....                    (boots unavailable)
Stlth   ++                       (no amulet)
HPRegen 0.31/turn                n - +4 ring of protection
MPRegen 0.18/turn                T - ring of willpower

@: no status effects
A: hooves 3, ignite blood 1, sturdy frame 2, demonic magic 1
a: Renounce Religion


You were on level 11 of the Dungeon.
You worshipped Vehumet.
Vehumet was greatly pleased with you.
You visited 2 branches of the dungeon, and saw 12 of its levels.

You collected 567 gold pieces.

Inventory:

Hand Weapons
 H - the +7 dagger of Idufaog (weapon) {vamp, *Slow rPois rN+}
   (You found it on level 6 of the Dungeon)

   rPois:     It protects you from poison.
   rN:        It protects you from negative energy.
   *Slow:     It may slow you when you take damage.
Missiles
 c - 14 boomerangs
 f - a boomerang of dispersal
 t - 4 throwing nets
 E - 2 javelins
 N - 3 curare-tipped darts
 S - 3 silver boomerangs
Armour
 q - a +2 leather armour of cold resistance (worn)
 x - a +0 helmet (worn)
Jewellery
 e - a ring of flight
 n - a +4 ring of protection (left hand)
 J - a ring of ice
 M - a +6 ring of strength
 O - a +6 ring of strength
 T - a ring of willpower (right hand)
Wands
 s - a wand of polymorph (13)
 z - a wand of paralysis (14)
 G - a wand of digging (8)
 I - a wand of iceblast (1)
 L - a wand of flame (23)
Scrolls
 a - a scroll of enchant armour {unknown}
 j - 8 scrolls of teleportation
 k - 7 scrolls of vulnerability {unknown}
 l - a scroll of poison {unknown}
 m - 2 scrolls of immolation {unknown}
 o - a scroll of acquirement {unknown}
 r - a scroll of magic mapping {unknown}
 v - 2 scrolls of brand weapon {unknown}
 w - a scroll of noise {unknown}
 y - a scroll of summoning
 A - 2 scrolls of identify {unknown}
 C - 3 scrolls of enchant weapon {unknown}
 F - a scroll of fear {unknown}
Potions
 b - a potion of magic
 d - 2 potions of attraction {unknown}
 g - 2 potions of degeneration {unknown}
 h - a potion of brilliance {unknown}
 i - 2 potions of lignification {unknown}
 p - a potion of berserk rage {unknown}
 u - 4 potions of heal wounds {unknown}
 B - 3 potions of curing {unknown}
 D - a potion of invisibility {unknown}
 K - a potion of ambrosia {unknown}
 P - a potion of might {unknown}
 Q - a potion of flight {unknown}
 R - a potion of haste {unknown}


   Skills:
 + Level 6.3 Short Blades
 - Level 1.7 Dodging
 - Level 1.7 Stealth
 + Level 8.9 Spellcasting
 + Level 9.5 Conjurations
 - Level 2.0 Translocations
 + Level 9.2 Fire Magic
 - Level 3.0 Air Magic


You had 7 spell levels left.
You knew the following spells:

 Your Spells              Type           Power      Damage    Failure   Level
a - Foxfire               Conj/Fire      100%       2x1d9     1%          1
b - Scorch                Fire           90%        2d9       1%          2
c - Flame Wave            Conj/Fire      46%        2d12      1%          4
d - Fireball              Conj/Fire      23%        3d11      1%          5
e - Iskenderun's Battles  Conj           47%        2d10      1%          5
f - Swiftness             Air            20%        N/A       7%          3

Your spell library contained the following spells:

 Spells                   Type           Power      Damage    Failure   Level
 Freezing Cloud           Conj/Ice/Air   12%        6-21      11%         5
 Dazzling Flash           Conj/Hex       56%        N/A       1%          3
 Inner Flame              Hex/Fire       27%        N/A       1%          3
 Kindle Blastsparks       Fire/Tloc/Air  54%        2d14      1%          3
 Apportation              Tloc           32%        N/A       3%          1
 Cigotuvi's Dreadful Rot  Necr/Pois/Air  24%        N/A       8%          2
 Ensorcelled Hibernation  Hex/Ice        16%        N/A       12%         2
 Passwall                 Tmut/Erth      6%         N/A       12%         2
 Conjure Ball Lightning   Conj/Air       17%        3x3d6     22%         6
 Orb of Destruction       Conj           23%        9d8       32%         7
 Lee's Rapid Deconstruct  Erth           4%         3d5*      45%         5
 Dispel Undead            Necr           8%         3d8       61%         4
 Leda's Liquefaction      Hex/Erth       4%         N/A       61%         4
 Silence                  Hex/Air        7%         N/A       75%         5
 Agony                    Necr           8%         N/A       91%         5
 Alistair's Intoxication  Tmut/Pois      5%         N/A       91%         5
 Death Channel            Necr           4%         N/A       100%        6
 Statue Form              Tmut/Erth      5%         N/A       100%        6


Dungeon Overview and Level Annotations

Branches:
Dungeon (11/15)            Temple (1/1) D:6            Lair (0/5) D:8
    Orc (0/2) D:10

Altars:
Ashenzari
Cheibriados
Dithmenos
Fedhas
Gozag
Hepliaklqana
Kikubaaqudgha
Makhleb
Nemelex Xobeh
Okawaru
Qazlal
Ru
Sif Muna
Trog
Uskayaw
Vehumet
Wu Jian
Xom
Yredelemnul

Shops:
D:9 [:   D:10 ((


Innate Abilities, Weirdness & Mutations

You have hooves in place of feet.
Your demonic aura sometimes causes spilled blood to erupt in flames.
Your movements are less encumbered by armour. (ER -4)
Spells you cast may paralyse adjacent enemies.


Message History

Vehumet accepts your kill.
Vehumet offers you knowledge of Freezing Cloud.
You feel your power returning.
The flame wave engulfs the orc warrior!
The orc warrior is heavily wounded.
The flame wave engulfs the cyclops!
The cyclops is moderately wounded.
You hear a shout!
An orc comes into view. It is wielding a +0 short sword.
An orc comes into view. It is wielding a +0 falchion.
A wave of flame ripples out!
The flame wave engulfs the orc warrior.
The orc warrior is severely wounded.
The flame wave engulfs the cyclops!
The cyclops is severely wounded.
The flame wave engulfs something.
You finish channelling waves of flame.
The orc shouts!
You hear a shout!
Casting: Flame Wave (safe; 1% risk of failure)
Confirm with . or Enter, or press ? or * to list all spells.
Casting: Flame Wave (safe; 1% risk of failure)
Press: ? - help, Dir - look around, f - activate A wave of flame ripples out!
The flame wave engulfs the orc warrior.
The orc warrior is severely wounded. (Press . to intensify the flame waves.) Malevolent energies surge around you.
The orc warrior hits you with a +0 dire flail!
* * * LOW HITPOINT WARNING * * *
Okay, then.
Okay, then.
A wave of flame ripples out!
The flame wave engulfs the orc warrior!
You kill the orc warrior!
Vehumet accepts your kill.
The flame wave engulfs the cyclops!
The cyclops is almost dead.
The flame wave engulfs something!
Vehumet accepts your kill.
You feel your power returning.
Reactivating autopickup.
You feel a bit more experienced.
You carefully extract the barbed spikes from your body.
The cyclops hits you!!
You die...

#........ #........
#......?. #....o...
#........ #c..)....
########C).))...
.........@)))o...
.................
..........#######
..........# #..#
..........# #..#
..........# #..#
..........#########..##
......................
########^.........>..#


You could see a cyclops, a centaur and 2 orcs.

Vanquished Creatures
  4 two-headed ogres (D:10)
  A manticore (D:11)
  A cyclops (D:9)
  2 kobold demonologists (D:9)
  A rime drake (D:8)
  A troll (D:11)
  2 hornets (D:7)
  A wyvern (D:9)
  4 yaks (D:9)
  A steam dragon (D:7)
  Edmund (D:5)
  Menkaure (D:7)
  A water moccasin (D:5)
  10 orc warriors
  2 black bears
  A sky beast (D:6)
  3 ice beasts
  A wolf (D:8)
  2 ogres (D:5)
  2 centaurs
  A phantom (D:7)
  4 kobold brigands
  3 bullfrogs
  2 gnoll sergeants
  2 necrophages
  5 scorpions
  14 wights
  7 howler monkeys
  A bullfrog zombie (D:5)
  2 jellies
  A bullfrog skeleton (D:5)
  12 orc priests
  3 hounds (D:4)
  4 iguanas
  Ijyb (D:3)
  Jessica (D:2)
  13 orc wizards
  The ghost of Esekla the Sneak, a weakling OpDe (D:5)
  8 adders
  16 gnolls
  A shadow imp (D:7)
  A white imp (D:7)
  2 ufetubi
  2 worms
  64 orcs
  14 ball pythons
  9 endoplasms
  5 giant cockroaches
  4 goblins
  5 hobgoblins
  3 jackals (D:5)
  2 quokkas
  8 bats
  4 frilled lizards
  19 kobolds
  2 rats
288 creatures vanquished.

Vanquished Creatures (others)
  An orc wizard (D:6)
  243 foxfires
  A plant (D:5)
245 creatures vanquished.

Grand Total: 533 creatures vanquished

Notes
Turn   | Place    | Note
-------+----------+-------------------------------------------
     0 | D:1      | testman the Demonspawn Fire Elementalist began the quest
                  | for the Orb.
     0 | D:1      | Reached XP level 1. HP: 13/13 MP: 3/3
   280 | D:1      | Gained mutation: Your movements are slightly less
                  | encumbered by armour. (ER -2) [demonic ancestry]
   280 | D:1      | Reached XP level 2. HP: 19/19 MP: 5/5
   283 | D:1      | Learned a level 2 spell: Scorch
  1132 | D:2      | Gained mutation: Spells you cast may paralyse adjacent
                  | enemies. [demonic ancestry]
  1132 | D:2      | Reached XP level 3. HP: 24/24 MP: 1/6
  1413 | D:2      | Noticed Jessica
  1416 | D:2      | Killed Jessica
  1417 | D:2      | Gained mutation: Your demonic aura sometimes causes spilled
                  | blood to erupt in flames. [demonic ancestry]
  1417 | D:2      | Reached XP level 4. HP: 30/30 MP: 2/7
  1587 | D:2      | You fall into a shaft and drop 2 floors!
  1625 | D:4      | Noticed a scorpion
  1852 | D:4      | Learned a level 4 spell: Flame Wave
  1920 | D:4      | Gained mutation: You have large cloven feet. [demonic
                  | ancestry]
  1920 | D:4      | Reached XP level 5. HP: 22/35 MP: 4/9
  2099 | D:4      | Reached XP level 6. HP: 41/41 MP: 7/11
  3286 | D:3      | Noticed Ijyb
  3288 | D:3      | Paralysed by Ijyb for 5 turns
  3304 | D:3      | Killed Ijyb
  3752 | D:4      | Gained mutation: You have hoof-like feet. [demonic
                  | ancestry]
  3752 | D:4      | Reached XP level 7. HP: 42/46 MP: 9/13
  4059 | D:4      | Found a hazy altar of Hepliaklqana.
  4344 | D:5      | Entered Level 5 of the Dungeon
  4364 | D:5      | Found a transporter.
  4372 | D:5      | Noticed Esekla's ghost (weakling OpDe)
  4484 | D:5      | Reached skill level 5 in Fire Magic
  4568 | D:5      | Reached skill level 5 in Conjurations
  4711 | D:5      | Reached skill level 5 in Spellcasting
  4760 | D:5      | Noticed Edmund
  4770 | D:5      | Killed Edmund
  4771 | D:5      | Gained mutation: You have hooves in place of feet. [demonic
                  | ancestry]
  4771 | D:5      | Reached XP level 8. HP: 26/52 MP: 3/15
  5012 | D:5      | Found a sacrificial altar of Ru.
  5097 | D:5      | Found a transporter.
  5576 | D:6      | Found a staircase to the Ecumenical Temple.
  5583 | Temple   | Entered the Ecumenical Temple
  5635 | Temple   | Became a worshipper of Vehumet
  5727 | D:5      | Killed Esekla's ghost
  5886 | D:6      | Identified the +7 dagger of Idufaog {vamp, *Slow rPois rN+}
  6392 | D:6      | Reached skill level 1 in Short Blades
  6600 | D:6      | Reached XP level 9. HP: 57/57 MP: 9/18
  6871 | D:7      | Reached skill level 1 in Translocations
  7025 | D:7      | Reached skill level 1 in Air Magic
  7215 | D:7      | Reached * piety under Vehumet
  7215 | D:7      | Offered knowledge of Shock by Vehumet.
  7429 | D:7      | Learned a level 5 spell: Fireball
  7435 | D:7      | Learned a level 5 spell: Iskenderun's Battlesphere
  7439 | D:7      | Learned a level 3 spell: Swiftness
  7934 | D:7      | Noticed Menkaure
  7939 | D:7      | Killed Menkaure
  8295 | D:8      | Noticed a rime drake
  8300 | D:8      | Killed a rime drake
  8415 | D:8      | Reached XP level 10. HP: 54/63 MP: 16/20
  8670 | D:8      | Found a shadowy altar of Dithmenos.
  8681 | D:8      | Offered knowledge of Sandblast by Vehumet.
  8830 | D:8      | Reached ** piety under Vehumet
  9005 | D:8      | Found a staircase to the Lair.
  9435 | D:9      | Noticed a cyclops
  9444 | D:9      | Killed a cyclops
  9445 | D:9      | Reached skill level 5 in Short Blades
  9482 | D:9      | Found a snail-covered altar of Cheibriados.
  9484 | D:9      | Found Cheibriados's Comfort Zone.
  9489 | D:9      | Identified the amulet of the Marlin {Faith Dex+7}
  9628 | D:9      | Found an opulent altar of Gozag.
 10177 | D:9      | Found Xoffoylunn's Tremendous Tomes.
 10340 | D:10     | Entered Level 10 of the Dungeon
 10380 | D:10     | Noticed a two-headed ogre
 10389 | D:10     | Killed a two-headed ogre
 10390 | D:10     | Gained mutation: Your movements are less encumbered by
                  | armour. (ER -4) [demonic ancestry]
 10390 | D:10     | Reached XP level 11. HP: 44/68 MP: 23/23
 10443 | D:10     | Offered knowledge of Frozen Ramparts by Vehumet.
 10566 | D:10     | Found a staircase to the Orcish Mines.
 10566 | D:10     | Found Koremue's Weapon Shop.
 10567 | D:10     | Noticed a two-headed ogre
 10574 | D:10     | Reached *** piety under Vehumet
 10575 | D:10     | Killed a two-headed ogre
 10650 | D:10     | Noticed a two-headed ogre
 10657 | D:10     | Killed a two-headed ogre
 10825 | D:10     | Offered knowledge of Fulminant Prism by Vehumet.
 10935 | D:10     | Found a burning altar of Makhleb.
 11003 | D:10     | Found Coethrusu's Antique Weapon Emporium.
 11003 | D:10     | Noticed a two-headed ogre
 11012 | D:10     | Killed a two-headed ogre
 11012 | D:10     | Reached **** piety under Vehumet
 11175 | D:10     | Found a bloodstained altar of Trog.
 11175 | D:10     | Found a blossoming altar of Fedhas.
 11183 | D:10     | Found a sparkling altar of Nemelex Xobeh.
 11423 | D:11     | Offered knowledge of Freezing Cloud by Vehumet.
 11426 | D:11     | Mangled by a cyclops

Illustrated notes

Levels and vault maps discovered:
D:1:      tarquinn_simple_flora_water_f, layout_loops_ring
D:2:      layout_loops_corners, minmay_misc_feat_alley, uniq_jessica
D:3:      layout_basic, uniq_ijyb
D:4:      layout_basic, worldfamousw_hep_ancestral_shrine
D:5:      wander_river, layout_basic, nicolae_ru_the_path_less_chosen,
          gammafunk_ghost_mausoleum, uniq_edmund
D:6:      layout_rooms, minmay_temple_entry_mini_moons, glass_columns_a
D:7:      layout_loops_corners, tso_oasis_becter, grunt_ministairs_15,
          uniq_menkaure
D:8:      layout_basic, nicolae_dithmenos_through_a_glass_darkly,
          hellmonk_lair_entry_icy
D:9:      layout_cave_pods, grunt_gozag_statues, nrook_mini_backslash,
          nicolae_shop_i_like_big_books, minmay_shop_chei
D:10:     layout_roguey [special_room_orc], gammafunk_temple_overflow_forgotten,
          gammafunk_temple_overflow_pools, orc_david_3, serial_shops,
          nicolae_square_shop
D:11:     layout_long_grid, serial_shops, nicolae_lakefront_shop,
          minmay_tree_intersection
Temple:   nicolae_temple_ecumenical_triangle

Skill      XL: |  1  2  3  4  5  6  7  8  9 10 11 |
---------------+----------------------------------+-----
Fire Magic     | 3 4 5 6 7 8 9 |  9.2
Conjurations   | 2 3 4 5 6 7 8 9 |  9.5
Spellcasting   | 3 4 5 6 7 8 |  8.9
Short Blades   | 1 3 5 6 |  6.3
Translocations | 2 |  2.0
Air Magic      | 2 3 |  3.0
Dodging        | |  1.7
Stealth        | |  1.7

Action                     |  1- 3 |  4- 6 |  7- 9 | 10-12 || total
---------------------------+-------+-------+-------+-------++-------
  Melee: Dagger            |    46 |       |    14 |    47 ||   107
         Unarmed           |     2 |       |       |       ||     2
         Short sword       |       |    82 |    37 |       ||   119
         Kick              |       |    12 |    20 |    11 ||    43
   Cast: Foxfire           |    12 |    16 |    63 |    55 ||   146
         Scorch            |    15 |    23 |    72 |    40 ||   150
         Flame Wave        |       |       |     5 |    13 ||    18
         Iskenderun's Batt |       |       |     4 |     9 ||    13
         Fireball          |       |       |     1 |     6 ||     7
    Use: Scroll            |       |     2 |       |       ||     2
         Potion            |       |       |       |     1 ||     1
   Stab: Sleeping          |     7 |     9 |     5 |       ||    21
         Paralysed         |       |    18 |    17 |     7 ||    42
 Armour: Robe              |     7 |       |       |       ||     7
         Leather armour    |       |    17 |    18 |    22 ||    57
  Dodge: Dodged            |    25 |    42 |    46 |    53 ||   166

Table legend: (Time is in decaauts)
 A = Elapsed time spent in this place.
 B = Non-inter-level travel time spent in this place.
 C = Inter-level travel time spent in this place.
 D = Time resting spent in this place.
 E = Time spent auto-exploring this place.
 F = Levels seen in this place.
 G = Mean time per level.
                   A        B        C        D        E       F      G
               +--------+--------+--------+--------+--------+-----+--------+
         Total |  11414 |  10888 |    526 |    430 |   9019 |  12 |  951.2 |
       Dungeon |  11352 |  10850 |    502 |    430 |   8988 |  11 | 1032.0 |
        Temple |     61 |     37 |     24 |      0 |     31 |   1 |   61.0 |
               +--------+--------+--------+--------+--------+-----+--------+

Top non-repeatable levels by time:
     D:7: 1608 daAuts
     D:5: 1558 daAuts
     D:4: 1498 daAuts
     D:2: 1246 daAuts
     D:9: 1109 daAuts
    D:10: 997 daAuts
     D:8: 836 daAuts
     D:6: 821 daAuts
     D:1: 815 daAuts
     D:3: 781 daAuts
    D:11: 78 daAuts
  Temple: 61 daAuts
